 Dungeon Crawl Stone Soup version 0.26-a0-61-g6c07f0e (webtiles) character file.

Game seed: 12973505336913180914

687 thirtiethelement the Shield-Bearer (level 7, 0/60 HPs)
             Began as a Gnoll Fighter on June 9, 2020.
             Slain by a phantom (2 damage)
             ... on level 6 of the Dungeon.
             The game lasted 00:06:29 (4403 turns).

thirtiethelement the Shield-Bearer (Gnoll Fighter)  Turns: 4403, Time: 00:06:29

Health: 0/60       AC:  9    Str: 22    XL:     7   Next: 62%
Magic:  10/10      EV: 10    Int: 10    God:
Gold:   231        SH: 11    Dex: 17    Spells: 8/11 levels left

rFire    . . .     SeeInvis +   u - +0 war axe of Abomination {pain, rN+ Str+2 Dex+2}
rCold    . . .     Gourm    .   c - +0 kite shield
rNeg     + + .     Faith    .   b - +0 scale mail
rPois    .         Spirit   .   (no helmet)
rElec    .         Reflect  .   (no cloak)
rCorr    .         Harm     .   g - +0 pair of gloves
MR       .....                  (no boots)
Stlth    +.........             (no amulet)
HPRegen  0.20/turn              m - ring of positive energy
MPRegen  0.12/turn              t - ring of see invisible

@: no status effects
A: distributed training, fangs 1, strong nose
a: no special abilities


You were on level 6 of the Dungeon.
You were not hungry.

You visited 1 branch of the dungeon, and saw 6 of its levels.

You collected 231 gold pieces.

Inventory:

Hand Weapons
 a - a +0 war axe
 q - a +3 hand axe of electrocution
 u - the +0 war axe of Abomination (weapon) {pain, rN+ Str+2 Dex+2}
   (You found it on level 5 of the Dungeon)

   In the hands of one skilled in necromantic magic, it inflicts extra damage on
   living creatures.
   It affects your strength (+2).
   It affects your dexterity (+2).
   It protects you from negative energy.
Armour
 b - a +0 scale mail (worn)
 c - a +0 kite shield (worn)
 g - a +0 pair of gloves (worn)
Jewellery
 m - a ring of positive energy (left hand)
 t - a ring of see invisible (right hand)
Scrolls
 k - a scroll of identify
 r - 2 scrolls of teleportation
Potions
 d - a potion of might
 h - 2 potions of curing {unknown}
 i - 2 potions of stabbing
 j - a potion of lignification
 l - a potion of mutation {unknown}
 n - a potion of magic {unknown}
 o - 2 potions of brilliance {unknown}
 p - 2 potions of flight {unknown}
Comestibles
 f - 8 rations


   Skills:
 + Level 7.1 Fighting
 + Level 2.5 Short Blades
 + Level 2.5 Long Blades
 + Level 5.3 Axes
 + Level 2.5 Maces & Flails
 + Level 2.5 Polearms
 + Level 2.5 Staves
 + Level 2.5 Slings
 + Level 2.5 Bows
 + Level 2.5 Crossbows
 + Level 2.5 Throwing
 + Level 7.1 Armour
 + Level 2.5 Dodging
 + Level 2.5 Stealth
 + Level 7.1 Shields
 + Level 2.5 Unarmed Combat
 + Level 2.5 Spellcasting
 + Level 2.1 Conjurations
 + Level 2.1 Hexes
 + Level 2.1 Charms
 + Level 2.1 Summonings
 + Level 2.1 Necromancy
 + Level 2.1 Translocations
 + Level 2.1 Transmutations
 + Level 2.1 Fire Magic
 + Level 2.1 Ice Magic
 + Level 2.1 Air Magic
 + Level 2.1 Earth Magic
 + Level 2.1 Poison Magic
 + Level 2.8 Invocations
 + Level 2.5 Evocations


You had 8 spell levels left.
You knew the following spells:

 Your Spells              Type           Power        Failure   Level  Hunger
a - Mephitic Cloud        Conj/Pois/Air  #.......     94%         3    ####...

Your spell library contained the following spells:

 Spells                   Type           Power        Failure   Level  Hunger
 Magic Dart               Conj           #...         63%         1    ##.....
 Blink                    Tloc           N/A          77%         2    ###....
 Call Imp                 Summ           #.......     77%         2    ###....
 Slow                     Hex            #.......     77%         2    ###....
 Conjure Flame            Conj/Fire      #.......     94%         3    ####...


Dungeon Overview and Level Annotations

Branches:
Dungeon (6/15)
 Temple: D:4-7

Altars:
Elyvilon
Fedhas
Makhleb
Sif Muna
Yredelemnul
The Shining One


Innate Abilities, Weirdness & Mutations

Your experience applies equally to all skills.
You have very sharp teeth.
Your uncanny sense of smell can sniff out nearby items.


Message History

You hit the quokka zombie. You bite the quokka zombie.
The quokka zombie is heavily damaged.
You block the quokka zombie's attack.
All of the chunks of flesh in your inventory have rotted away.
You hit the quokka zombie.
The quokka zombie is almost destroyed.
The quokka zombie bites you but does no damage.
You slash the quokka zombie!
You destroy the quokka zombie!
The phantom blinks!
Things that are here:
a +0 dagger; a +0 robe; the elf corpse of Dowan You closely miss the phantom.
The phantom is severely damaged.
The phantom hits you.
* * * LOW HITPOINT WARNING * * *
You miss the phantom.
The phantom is severely damaged.
The phantom hits you.
You die...

.....P... .#
....P.P.. ..
..#...!#. ....
... #.. ^.# ..
#..##.##
....#...#..###
.......W.<...#
........@.)..#
.##......†...#
.................
#................
#................
##...............
#...............
.....##..#......


You could see a phantom.

Vanquished Creatures
  Duvessa (D:6)
  A centaur (D:5)
  Dowan (D:6)
  A crimson imp (D:5)
  2 hounds (D:4)
  A jelly (D:6)
  2 bullfrog skeletons (D:4)
  An iguana (D:5)
  3 worker ants
  6 adders
  A howler monkey skeleton (D:4)
  An adder skeleton (D:5)
  3 dart slugs
  A leopard gecko (D:2)
  3 orcs
  8 bats
  4 giant cockroaches
  14 goblins
  8 hobgoblins
  17 jackals
  6 kobolds
  2 quokkas
  4 ball pythons
  8 frilled lizards
  A leopard gecko zombie (D:5)
  A quokka zombie (D:6)
  16 rats
117 creatures vanquished.

Notes
Turn   | Place    | Note
-------+----------+-------------------------------------------
     0 | D:1      | thirtiethelement the Gnoll Fighter began the quest for the
                  | Orb.
     0 | D:1      | Reached XP level 1. HP: 23/23 MP: 1/1
     2 | D:1      | Noticed a ghoul
     2 | D:1      | Noticed a minotaur
     4 | D:1      | Noticed a centaur
     4 | D:1      | Noticed a demigod
     6 | D:1      | Noticed a troll
     6 | D:1      | Noticed a formicid
     8 | D:1      | Noticed a demonspawn
    10 | D:1      | Noticed a naga
    10 | D:1      | Noticed an octopode
    12 | D:1      | Noticed a merfolk
    12 | D:1      | Noticed an elf
    14 | D:1      | Noticed a draconian
    14 | D:1      | Noticed a spriggan
    16 | D:1      | Noticed an ogre
    16 | D:1      | Noticed a vampire
    18 | D:1      | Noticed a felid
    20 | D:1      | Noticed a vine stalker
    20 | D:1      | Noticed a human
    22 | D:1      | Noticed a tengu
    22 | D:1      | Noticed a gargoyle
    26 | D:1      | Noticed a dwarf
    26 | D:1      | Noticed a halfling
   111 | D:1      | Reached XP level 2. HP: 29/29 MP: 2/2
   628 | D:1      | Reached XP level 3. HP: 35/35 MP: 3/3
   752 | D:2      | Reached skill level 1 in Invocations
   841 | D:2      | Reached skill level 1 in Short Blades
   841 | D:2      | Reached skill level 1 in Long Blades
   841 | D:2      | Reached skill level 1 in Maces & Flails
   841 | D:2      | Reached skill level 1 in Polearms
   841 | D:2      | Reached skill level 1 in Staves
   841 | D:2      | Reached skill level 1 in Slings
   841 | D:2      | Reached skill level 1 in Bows
   841 | D:2      | Reached skill level 1 in Crossbows
   841 | D:2      | Reached skill level 1 in Throwing
   841 | D:2      | Reached skill level 1 in Dodging
   841 | D:2      | Reached skill level 1 in Stealth
   841 | D:2      | Reached skill level 1 in Unarmed Combat
   841 | D:2      | Reached skill level 1 in Spellcasting
   841 | D:2      | Reached skill level 1 in Evocations
   880 | D:2      | Reached XP level 4. HP: 13/41 MP: 5/5
  1448 | D:2      | Found a basalt altar of Yredelemnul.
  1449 | D:2      | Found a glowing golden altar of the Shining One.
  1454 | D:2      | Noticed an angel
  1636 | D:2      | Noticed a profane servitor
  2072 | D:3      | Reached skill level 1 in Conjurations
  2072 | D:3      | Reached skill level 1 in Hexes
  2072 | D:3      | Reached skill level 1 in Charms
  2072 | D:3      | Reached skill level 1 in Summonings
  2072 | D:3      | Reached skill level 1 in Necromancy
  2072 | D:3      | Reached skill level 1 in Translocations
  2072 | D:3      | Reached skill level 1 in Transmutations
  2072 | D:3      | Reached skill level 1 in Fire Magic
  2072 | D:3      | Reached skill level 1 in Ice Magic
  2072 | D:3      | Reached skill level 1 in Air Magic
  2072 | D:3      | Reached skill level 1 in Earth Magic
  2072 | D:3      | Reached skill level 1 in Poison Magic
  2280 | D:3      | Reached XP level 5. HP: 47/47 MP: 6/6
  2570 | D:3      | Found a burning altar of Makhleb.
  2706 | D:3      | Found a shimmering blue altar of Sif Muna.
  2797 | D:4      | Learned a level 3 spell: Mephitic Cloud
  2955 | D:4      | Reached XP level 6. HP: 53/53 MP: 8/8
  3081 | D:4      | Reached skill level 5 in Axes
  3133 | D:4      | Found a blossoming altar of Fedhas.
  3329 | D:5      | Entered Level 5 of the Dungeon
  3730 | D:5      | Reached XP level 7. HP: 49/59 MP: 10/10
  4013 | D:5      | Found a white marble altar of Elyvilon.
  4208 | D:5      | Got a scorched war axe
  4209 | D:5      | Identified the cursed +0 war axe of Abomination {pain, rN+
                  | Str+2 Dex+2} (You found it on level 5 of the Dungeon)
  4360 | D:6      | Noticed Duvessa
  4361 | D:6      | Noticed Dowan
  4383 | D:6      | Killed Duvessa
  4384 | D:6      | Killed Dowan
  4402 | D:6      | HP: 1/60 [phantom (4)]
  4403 | D:6      | Slain by a phantom

Illustrated notes

Levels and vault maps discovered:
D:1:      kb_arrival_jail, layout_basic, ebering_dispersal_statue_hall
D:2:      cheibrodos_helix_gallery, layout_rooms,
          grunt_temple_overflow_holy_war, minmay_rat_gold_closets
D:3:      layout_rooms, chequers_temple_overflow_statue_of_worship
D:4:      layout_cave_pools, lemuel_round_altar, first_ration
D:5:      layout_basic, lemuel_doored_altar, grunt_ministairs_7
D:6:      layout_cave_pools, overflow_temple_1_default,
          grunt_temple_overflow_bloody_war, serial_undead, serial_undead_d,
          serial_undead_e, serial_undead_b, serial_undead_e,
          grunt_ministairs_12, uniq_duvessa

Skill      XL: |  1  2  3  4  5  6  7 |
---------------+----------------------+-----
Invocations    | 1 2 |  2.8
Short Blades   | 1 2 |  2.5
Long Blades    | 1 2 |  2.5
Maces & Flails | 1 2 |  2.5
Polearms       | 1 2 |  2.5
Staves         | 1 2 |  2.5
Slings         | 1 2 |  2.5
Bows           | 1 2 |  2.5
Crossbows      | 1 2 |  2.5
Throwing       | 1 2 |  2.5
Dodging        | 1 2 |  2.5
Stealth        | 1 2 |  2.5
Unarmed Combat | 1 2 |  2.5
Spellcasting   | 1 2 |  2.5
Evocations     | 1 2 |  2.5
Conjurations   | 1 2 |  2.1
Hexes          | 1 2 |  2.1
Charms         | 1 2 |  2.1
Summonings     | 1 2 |  2.1
Necromancy     | 1 2 |  2.1
Translocations | 1 2 |  2.1
Transmutations | 1 2 |  2.1
Fire Magic     | 1 2 |  2.1
Ice Magic      | 1 2 |  2.1
Air Magic      | 1 2 |  2.1
Earth Magic    | 1 2 |  2.1
Poison Magic   | 1 2 |  2.1
Axes           | 5 |  5.3
Fighting       | 7 |  7.1
Armour         | 7 |  7.1
Shields        | 7 |  7.1

Action                   |  1- 3 |  4- 6 |  7- 9 || total
-------------------------+-------+-------+-------++-------
Melee: War axe           |   102 |   106 |    35 ||   243
       Bite              |    11 |    17 |     6 ||    34
       Hand axe          |       |    66 |    12 ||    78
  Use: Scroll            |     5 |     6 |     2 ||    13
  Eat: Chunk             |       |     8 |       ||     8
       Ration            |       |       |     1 ||     1
Armor: Scale mail        |    41 |    61 |    17 ||   119
Dodge: Dodged            |    31 |    54 |    11 ||    96
Block: Kite shield       |    64 |    99 |    37 ||   200

Table legend:
 A = Non-vault XP
 B = Vault XP
 C = Vault XP percentage of total XP
 D = Non-vault monster count
 E = Vault monster count
 F = Vault count percentage of total count
                 A         B        C        D         E       F
            +---------+---------+-------+---------+---------+-------
      Total |     732 |     250 |  25.5 |     102 |      15 |  12.8
            +---------+---------+-------+---------+---------+-------
        D:1 |      41 |       0 |   0.0 |      24 |       0 |   0.0
        D:2 |      67 |      22 |  24.7 |      24 |      10 |  29.4
        D:3 |      90 |       0 |   0.0 |      30 |       0 |   0.0
        D:4 |     251 |       0 |   0.0 |      11 |       0 |   0.0
        D:5 |     211 |       3 |   1.4 |      11 |       2 |  15.4
        D:6 |      72 |     225 |  75.8 |       2 |       3 |  60.0
            +---------+---------+-------+---------+---------+-------
